 Dungeon Crawl Stone Soup version 0.28-a0-1114-g8eb0198dcf (webtiles) character file.

Game seed: 13791445977056713369

1636 Gargoyl the Skirmisher (level 8, -1/67 HPs)
             Began as a Gnoll Abyssal Knight on Dec 11, 2021.
             Was a Priest of Lugonu.
             Killed from afar by a steam dragon (20 damage)
             ... with a ball of steam
             ... on level 6 of the Dungeon.
             The game lasted 00:07:15 (5707 turns).

Gargoyl the Skirmisher (Gnoll Abyssal Knight)       Turns: 5707, Time: 00:07:16

Health: -1/67      AC: 13    Str: 21    XL:     8   Next: 98%
Magic:  13/13      EV: 13    Int:  9    God:    Lugonu [***...]
Gold:   30         SH:  0    Dex: 13    Spells: 14/14 levels left

rFire   . . .      SeeInvis .   q - +4 quarterstaff (chaos)
rCold   . . .      Faith    .   (shield currently unavailable)
rNeg    . . .      Spirit   .   e - +0 chain mail
rPois   .          Reflect  .   f - +0 helmet
rElec   .          Harm     .   p - +0 cloak
rCorr   .          Rampage  .   b - +0 pair of gloves
Will    .....                   (no boots)
Stlth   ..........              (no amulet)
HPRegen 0.21/turn               c - +4 ring of evasion
MPRegen 0.13/turn               m - +6 ring of strength

@: no status effects
A: fangs 1, strong nose, distributed training
a: Renounce Religion, Depart the Abyss, Bend Space, Banish


You were on level 6 of the Dungeon.
You worshipped Lugonu.
Lugonu was most pleased with you.
You visited 1 branch of the dungeon, and saw 6 of its levels.
You visited the Abyss 1 time.

You collected 321 gold pieces.
You spent 291 gold pieces at shops.

Inventory:

Hand Weapons
 a - a +2 hand axe
 q - a +4 quarterstaff of chaos (weapon)
 t - a +2 war axe of flaming
Missiles
 h - 32 poisoned darts (quivered)
Armour
 b - a +0 pair of gloves (worn)
 e - a +0 chain mail (worn)
 f - a +0 helmet (worn)
 p - a +0 cloak (worn)
Jewellery
 c - a +4 ring of evasion (left hand)
 m - a +6 ring of strength (right hand)
 v - a ring of ice
Wands
 l - a wand of flame (31)
Scrolls
 i - a scroll of torment {unknown}
 j - 2 scrolls of fog
 r - a scroll of fear
 u - a scroll of identify
Potions
 d - a potion of magic {unknown}
 g - 3 potions of curing
 k - 2 potions of brilliance
 n - a potion of invisibility {unknown}
 o - 2 potions of mutation {unknown}
 s - 2 potions of heal wounds {unknown}
 w - a potion of degeneration {unknown}
 x - a potion of might


   Skills:
 + Level 7.6 Fighting
 + Level 3.7 Short Blades
 + Level 3.7 Long Blades
 + Level 6.0 Axes
 + Level 3.7 Maces & Flails
 + Level 3.7 Polearms
 + Level 3.7 Staves
 + Level 3.7 Slings
 + Level 3.7 Bows
 + Level 3.7 Crossbows
 + Level 3.7 Throwing
 + Level 6.0 Armour
 + Level 4.6 Dodging
 + Level 3.7 Stealth
 + Level 3.7 Shields
 + Level 3.7 Unarmed Combat
 + Level 3.7 Spellcasting
 + Level 3.0 Conjurations
 + Level 3.0 Hexes
 + Level 3.0 Summonings
 + Level 3.0 Necromancy
 + Level 3.0 Translocations
 + Level 3.0 Transmutations
 + Level 3.0 Fire Magic
 + Level 3.0 Ice Magic
 + Level 3.0 Air Magic
 + Level 3.0 Earth Magic
 + Level 3.0 Poison Magic
 + Level 6.2 Invocations
 + Level 3.7 Evocations


You had 14 spell levels left.
You didn't know any spells.
Your spell library contained the following spells:

 Spells                   Type           Power      Damage    Failure   Level
 Call Canine Familiar     Summ           7%         N/A       88%         3
 Ignite Poison            Fire/Tmut/Pois 7%         N/A       88%         3
 Mephitic Cloud           Conj/Pois/Air  7%         N/A       88%         3
 Portal Projectile        Hex/Tloc       14%        N/A       88%         3
 Leda's Liquefaction      Hex/Erth       3%         N/A       99%         4
 Fireball                 Conj/Fire      3%         3d4       100%        5
 Freezing Cloud           Conj/Ice/Air   3%         6-21      100%        5
 Iskenderun's Battlesphe  Conj           7%         2d6       100%        5
 Conjure Ball Lightning   Conj/Air       3%         3x3d6     100%        6
 Orb of Destruction       Conj           3%         9d1       100%        7


Dungeon Overview and Level Annotations

Branches:
Dungeon (6/15)             Temple (0/1) D:6

Altars:

Shops:
D:4 *   D:5 ([*(!   D:6 *

Annotations:
D:4 4 transporters, Peloso's ghost, amateur MiFi


Innate Abilities, Weirdness & Mutations

You have very sharp teeth.
Your uncanny sense of smell can sniff out nearby items.
Your experience applies equally to all skills.


Message History

The steam dragon breathes steam at you. The ball of steam hits you.
The ball of steam hits the fungus!!
Unknown command.
You miss something. You bite something.
The fungus is engulfed in a cloud of scalding steam.
The fungus begins to die.
The fungus is engulfed in a cloud of scalding steam.
The fungus begins to die.
The fungus is engulfed in a cloud of scalding steam.
A nearby fungus withers and dies.
The fungus is engulfed in a cloud of scalding steam. x2
The fungus begins to die.
The fungus is engulfed in a cloud of scalding steam.
The fungus begins to die.
Something bites you but does no damage. Something claws you.
The steam dragon bites you but does no damage.
The steam dragon closely misses you. Something bites you but does no damage.
Something claws you but does no damage.
You thump something!
A nearby fungus withers and dies.
The fungus is engulfed in a cloud of scalding steam.
The fungus begins to die.
You hear a roar.
A ball of steam appears from out of thin air!
The ball of steam hits you.
The steam dragon bites you but does no damage.
The steam dragon claws you but does no damage.
Something bites you. Something claws you.
You barely miss something. You bite something.
You are engulfed in a cloud of scalding steam.
* * * LOW HITPOINT WARNING * * *
The fungus is engulfed in a cloud of scalding steam.
The fungus begins to die.
The fungus is engulfed in a cloud of scalding steam.
A nearby fungus withers and dies. x2
The steam dragon bites you but does no damage.
The steam dragon barely misses you.
You hear a roar.
A ball of steam appears from out of thin air!
The ball of steam hits you!!
You die...

##P.# #..#
#..##
#P§§#
#§.P#
#§..#
#§§.#
#..§#
#≈@.#
#≈P{DP#
#≈^P..P#
#.≈....≈.#
#≈P......#
#≈.....P##
##.P..P.#
##^≈.###


You could see a steam dragon (catching breath).

Vanquished Creatures
  Sigmund (D:2)
  Eustachio (D:6)
  2 water moccasins
  A hornet zombie (D:6)
  2 sky beasts (D:4)
  A black bear (D:3)
  A necrophage (D:5)
  A bullfrog (D:6)
  A scorpion (D:5)
  Crazy Yiuf (D:4)
  A hound (D:5)
  4 orc priests
  2 iguanas
  Jessica (D:2)
  2 scorpion zombies (D:5)
  An orc wizard (D:6)
  4 hound skeletons
  Robin (D:4)
  5 adders
  3 gnolls
  2 worms
  2 dart slugs
  7 orcs
  4 ball pythons
  6 endoplasms
  3 giant cockroaches
  14 goblins
  3 hobgoblins
  6 kobolds
  3 quokkas
  6 bats
  5 frilled lizards
  2 rats (D:3)
99 creatures vanquished.

Vanquished Creatures (others)
  4 fungi (D:6)
  A plant (D:6)
5 creatures vanquished.

Grand Total: 104 creatures vanquished

Notes
Turn   | Place    | Note
-------+----------+-------------------------------------------
     0 | Abyss:1  | Gargoyl the Gnoll Abyssal Knight began the quest for the
                  | Orb.
     0 | Abyss:1  | Reached XP level 1. HP: 23/23 MP: 3/3
     0 | Abyss:1  | Noticed a red draconian
     0 | Abyss:1  | Noticed a hellion
     2 | Abyss:1  | Found a corrupted altar of Lugonu.
     6 | D:1      | Escaped the Abyss
   231 | D:1      | Reached * piety under Lugonu
   249 | D:1      | Found a faded altar of an unknown god.
   385 | D:1      | Reached XP level 2. HP: 29/29 MP: 5/5
   564 | D:2      | Noticed Sigmund
   812 | D:2      | Killed Sigmund
   813 | D:2      | Reached skill level 1 in Short Blades
   813 | D:2      | Reached skill level 1 in Long Blades
   813 | D:2      | Reached skill level 1 in Maces & Flails
   813 | D:2      | Reached skill level 1 in Polearms
   813 | D:2      | Reached skill level 1 in Staves
   813 | D:2      | Reached skill level 1 in Slings
   813 | D:2      | Reached skill level 1 in Bows
   813 | D:2      | Reached skill level 1 in Crossbows
   813 | D:2      | Reached skill level 1 in Throwing
   813 | D:2      | Reached skill level 1 in Stealth
   813 | D:2      | Reached skill level 1 in Shields
   813 | D:2      | Reached skill level 1 in Unarmed Combat
   813 | D:2      | Reached skill level 1 in Spellcasting
   813 | D:2      | Reached skill level 1 in Conjurations
   813 | D:2      | Reached skill level 1 in Hexes
   813 | D:2      | Reached skill level 1 in Summonings
   813 | D:2      | Reached skill level 1 in Necromancy
   813 | D:2      | Reached skill level 1 in Translocations
   813 | D:2      | Reached skill level 1 in Transmutations
   813 | D:2      | Reached skill level 1 in Fire Magic
   813 | D:2      | Reached skill level 1 in Ice Magic
   813 | D:2      | Reached skill level 1 in Air Magic
   813 | D:2      | Reached skill level 1 in Earth Magic
   813 | D:2      | Reached skill level 1 in Poison Magic
   813 | D:2      | Reached skill level 1 in Evocations
   813 | D:2      | Reached XP level 3. HP: 12/35 MP: 6/6
   813 | D:2      | Reached XP level 4. HP: 14/41 MP: 7/7
   813 | D:2      | Reached XP level 5. HP: 17/47 MP: 8/8
  1540 | D:2      | Reached skill level 5 in Invocations
  1758 | D:2      | Reached XP level 6. HP: 53/53 MP: 9/9
  1846 | D:2      | Noticed Jessica
  1857 | D:2      | Killed Jessica
  2465 | D:3      | Reached skill level 5 in Axes
  2465 | D:3      | Reached skill level 5 in Armour
  2562 | D:3      | Reached ** piety under Lugonu
  2640 | D:3      | Noticed a black bear
  2653 | D:3      | Killed a black bear
  3325 | D:4      | Found Deuq Omi's Assorted Antiques.
  3446 | D:4      | Noticed a sky beast
  3457 | D:4      | Killed a sky beast
  3458 | D:4      | Reached skill level 7 in Fighting
  3458 | D:4      | Reached XP level 7. HP: 60/60 MP: 10/10
  3471 | D:4      | Found a transporter.
  3551 | D:4      | Found a transporter.
  3553 | D:4      | Noticed Peloso's ghost (amateur MiFi)
  3555 | D:4      | Identified the +3 dire flail of Beno {vorpal, Will+ Str+3}
  3556 | D:4      | Found a transporter.
  3996 | D:4      | Found a transporter.
  4058 | D:4      | Found a runed translucent door.
  4059 | D:4      | Noticed Crazy Yiuf
  4075 | D:4      | Noticed Robin
  4092 | D:4      | Killed Robin
  4246 | D:4      | Killed Crazy Yiuf
  4246 | D:4      | Reached *** piety under Lugonu
  4417 | D:5      | Entered Level 5 of the Dungeon
  4429 | D:5      | Found Xusid's Weapon Shoppe.
  4449 | D:5      | Reached XP level 8. HP: 63/67 MP: 12/12
  4555 | D:5      | Found Rodyf's Armour Emporium.
  4580 | D:5      | Found Saopsy's Weapon Emporium.
  4600 | D:5      | Bought a +2 war axe of flaming for 219 gold pieces
  4688 | D:5      | Found Giptepp's Assorted Antiques.
  4736 | D:5      | Found Qyulohan's Distillery.
  4744 | D:5      | Bought a potion of curing for 36 gold pieces
  4744 | D:5      | Bought a potion of curing for 36 gold pieces
  5291 | D:6      | Found a staircase to the Ecumenical Temple.
  5319 | D:6      | Noticed Eustachio
  5338 | D:6      | Killed Eustachio
  5650 | D:6      | Found Meocleuph's Fire Supplies.
  5707 | D:6      | Killed from afar by a steam dragon

Illustrated notes

Levels and vault maps discovered:
D:1:      sevenhm_arrival_forest_fort_large_4, layout_rooms,
          hellmonk_ecumenical_altar_crossroads
D:2:      kennysheep_big_flooded_room, layout_rooms, minmay_unequal,
          uniq_jessica, uniq_sigmund
D:3:      layout_basic, minmay_misc_feat_four_crosses
D:4:      gammafunk_steamed_eel, layout_cave_pools, serial_shops, shop,
          gammafunk_ghost_smash, nrook_campfire, grunt_ministairs_1,
          grunt_decor_junction, minmay_misc_feat_secret_circle, uniq_robin,
          uniq_crazy_yiuf_cottage
D:5:      layout_basic, serial_shops, shop, shop,
          nicolae_shop_bloodbath_and_beyond, nicolae_lakefront_shop,
          shop_fountains, chequers_serial_rivers_micro_b
D:6:      kennysheep_steamy, layout_basic, minmay_temple_entry_mist,
          serial_bayou_pond_e, nicolae_stop_n_shop_1, nicolae_shop_fire_sale
          [nicolae_sub_dead_trees], nicolae_specific_store, minmay_holes,
          uniq_prince_ribbit1, uniq_eustachio

Skill      XL: |  1  2  3  4  5  6  7  8 |
---------------+-------------------------+-----
Short Blades   | 1 2 3 |  3.7
Long Blades    | 1 2 3 |  3.7
Maces & Flails | 1 2 3 |  3.7
Polearms       | 1 2 3 |  3.7
Staves         | 1 2 3 |  3.7
Slings         | 1 2 3 |  3.7
Bows           | 1 2 3 |  3.7
Crossbows      | 1 2 3 |  3.7
Throwing       | 1 2 3 |  3.7
Dodging        | 3 4 |  4.6
Stealth        | 1 2 3 |  3.7
Shields        | 1 2 3 |  3.7
Unarmed Combat | 1 2 3 |  3.7
Spellcasting   | 1 2 3 |  3.7
Conjurations   | 1 2 3 |  3.0
Hexes          | 1 2 3 |  3.0
Summonings     | 1 2 3 |  3.0
Necromancy     | 1 2 3 |  3.0
Translocations | 1 2 3 |  3.0
Transmutations | 1 2 3 |  3.0
Fire Magic     | 1 2 3 |  3.0
Ice Magic      | 1 2 3 |  3.0
Air Magic      | 1 2 3 |  3.0
Earth Magic    | 1 2 3 |  3.0
Poison Magic   | 1 2 3 |  3.0
Evocations     | 1 2 3 |  3.7
Invocations    | 5 6 |  6.2
Axes           | 5 6 |  6.0
Armour         | 5 6 |  6.0
Fighting       | 7 |  7.6

Action                   |  1- 3 |  4- 6 |  7- 9 || total
-------------------------+-------+-------+-------++-------
Melee: Hand axe          |    20 |   161 |    59 ||   240
       Bite              |     2 |    22 |    15 ||    39
       Shortbow          |     1 |       |       ||     1
       Quarterstaff      |       |       |   102 ||   102
 Fire: Shortbow          |    26 |     9 |       ||    35
Throw: Dart              |       |     9 |       ||     9
Invok: Depart the Abyss  |     1 |       |       ||     1
  Use: Scroll            |     1 |     5 |     1 ||     7
       Potion            |       |       |     2 ||     2
 Stab: Confused          |       |       |     1 ||     1
Armor: Chain mail        |    19 |   145 |   109 ||   273
Dodge: Dodged            |     8 |   110 |   148 ||   266

Table legend: (Time is in decaauts)
 A = Elapsed time spent in this place.
 B = Non-inter-level travel time spent in this place.
 C = Inter-level travel time spent in this place.
 D = Time resting spent in this place.
 E = Time spent auto-exploring this place.
 F = Levels seen in this place.
 G = Mean time per level.
                   A        B        C        D        E       F      G
               +--------+--------+--------+--------+--------+-----+--------+
         Total |   5748 |   5638 |    110 |    820 |   3751 |   7 |  821.1 |
       Dungeon |   5742 |   5632 |    110 |    820 |   3751 |   6 |  957.0 |
         Abyss |      6 |      6 |      0 |      0 |      0 |   1 |    6.0 |
               +--------+--------+--------+--------+--------+-----+--------+

Top non-repeatable levels by time:
     D:1: 1272 daAuts
     D:4: 1094 daAuts
     D:2: 1053 daAuts
     D:3: 1017 daAuts
     D:6: 678 daAuts
     D:5: 625 daAuts
 Abyss:1: 6 daAuts
